 Dungeon Crawl Stone Soup version 0.27.1 (webtiles) character file.

Game seed: 4740385352524362506

12215 ZARRMARR the Covert (level 11, 0/80 HPs)
             Began as an Octopode Transmuter on Sept 4, 2021.
             Was a Believer of Ashenzari.
             Slain by a polar bear simulacrum (2 damage)
             ... in an ice cave.
             The game lasted 01:53:13 (20298 turns).

ZARRMARR the Covert (Octopode Transmuter)          Turns: 20298, Time: 01:53:13

Health: 0/80       AC:  1    Str: 10    XL:     11   Next: 89%
Magic:  0/33       EV: 21    Int: 19    God:    Ashenzari [**....]
Gold:   489        SH:  0    Dex: 18    Spells: 7/28 levels left

rFire    . . .     SeeInvis +     - Unarmed
rCold    . . .     Faith    .   (shield currently unavailable)
rNeg     . . .     Spirit   +   (helmet restricted)
rPois    +         Reflect  .   C - amulet "Oscillating Fan" {Spirit, Alch, Self} (curse)
rElec    .         Harm     .   d - ring of the Fated Pragmatism {Will+, Fort, Alch} (curse)
rCorr    .         Rampage  .   h - ring of Ashenzari's Regret {Dex+6, Elem, Alch} (curse)
Will     ++...                  i - ring of the Astral Gnosis {rPois, Melee, Self} (curse)
Stlth    ++++++....             p - ring of the Unveiling Portent {MP+9, Alch, Fort} (curse)
HPRegen  0.23/turn              k - ring "Ylaixum" {Fly Will+}
MPRegen  0.23/turn              B - ring of the Monkey {EV+4 SInv}
                                (no ring)
                                (no ring)

@: blade tentacles, flying
A: almost no armour, amphibious, 8 rings, camouflage 1, gelatinous body 1,
(nimble swimmer 1), tentacles
a: End Transformation, Renounce Religion, Curse Item, Shatter the Chains


You were in an ice cave.
You worshipped Ashenzari.
Ashenzari was pleased with you.
You had blades for main tentacles.
You visited 3 branches of the dungeon, and saw 15 of its levels.
You also visited: Bailey and Ice Cave.

You collected 755 gold pieces.
You spent 266 gold pieces at shops.

Inventory:

Missiles
 l - 3 silver boomerangs
 s - 4 throwing nets
 x - 82 boomerangs (quivered)
 y - 2 javelins
Jewellery
 d - the cursed ring of the Fated Pragmatism (left blade tentacle) {Will+, Fort, Alch}
   (You found it on level 1 of the Dungeon)

   [ring of willpower]

   Will:      It increases your willpower.
   It has a curse which improves the following skills: Fortitude: Shields.
   Alchemy:   Poison Magic and Transmutations.
 h - the cursed ring of Ashenzari's Regret (right blade tentacle) {Dex+6, Elem, Alch}
   (You found it on level 2 of the Dungeon)

   [ring of dexterity]

   Dex:       It affects your dexterity (+6).
   It has a curse which improves the following skills: Elements: Fire Magic, Ice
   Magic, Air Magic and Earth Magic.
   Alchemy:   Poison Magic and Transmutations.
 i - the cursed ring of the Astral Gnosis (on tentacle) {rPois, Melee, Self}
   (You took it off a hobgoblin on level 3 of the Dungeon)

   [ring of poison resistance]

   rPois:     It protects you from poison.
   It has a curse which improves the following skills: Melee Combat: Short
   Blades, Long Blades, Axes, Maces & Flails, Polearms, Staves and Unarmed
   Combat.
   Introspection: Fighting and Spellcasting.
 j - a ring of poison resistance
 k - the ring "Ylaixum" (on tentacle) {Fly Will+}
   (You acquired it on level 3 of the Dungeon)

   [ring of flight]

   Fly:       It grants you flight.
   Will:      It increases your willpower.
 o - a ring of fire
 p - the cursed ring of the Unveiling Portent (on tentacle) {MP+9, Alch, Fort}
   (You found it on level 3 of the Dungeon)

   [ring of magical power]

   MP:        It affects your magic capacity (+9).
   It has a curse which improves the following skills: Alchemy: Poison Magic and
   Transmutations.
   Fortitude: Shields.
 B - the ring of the Monkey (on tentacle) {EV+4 SInv}
   (You acquired it on level 10 of the Dungeon)

   [ring of evasion]

   EV:        It affects your evasion (+4).
   SInv:      It lets you see invisible.
 C - the cursed amulet "Oscillating Fan" (around mantle) {Spirit, Alch, Self}
   (You found it on level 10 of the Dungeon)

   [amulet of guardian spirit]

   It causes incoming damage to be divided between your reserves of health and
   magic.
   It has a curse which improves the following skills: Alchemy: Poison Magic and
   Transmutations.
   Introspection: Fighting and Spellcasting.
 E - the amulet of Jujul {Acrobat Drain Will+ Regen+ Dex+4}
   (You acquired it on level 12 of the Dungeon)

   [amulet of the acrobat]

   It increases your evasion while moving and waiting.
   Dex:       It affects your dexterity (+4).
   Regen:     It increases your rate of health regeneration.
   Drain:     It drains your maximum health when unequipped.
   Will:      It increases your willpower.
Wands
 a - a wand of iceblast (8)
 v - a wand of mindburst (1)
Scrolls
 f - a scroll of immolation
 g - 7 scrolls of teleportation
 r - a scroll of enchant armour
 w - 2 scrolls of enchant weapon
 z - 2 scrolls of summoning
 F - a scroll of magic mapping
Potions
 b - a potion of brilliance
 c - 3 potions of magic
 e - 4 potions of cancellation
 m - 3 potions of curing
 n - 2 potions of might
 q - 4 potions of mutation
 t - a potion of resistance
 A - 3 potions of attraction
 D - a potion of invisibility
 G - a potion of heal wounds
 I - a potion of haste
Miscellaneous
 u - a box of beasts (inert)


   Skills:
 + Level 7.2(9.6) Fighting
 + Level 7.5 Dodging
 + Level 10.1 Stealth
 + Level 7.8(9.3) Unarmed Combat
 + Level 6.9(9.3) Spellcasting
 + Level 3.4 Necromancy
 + Level 3.2 Translocations
 + Level 7.5(11.2) Transmutations
 - Level 0.8(1.6) Ice Magic
 + Level 6.9(8.4) Earth Magic


You had 7 spell levels left.
You knew the following spells:

 Your Spells              Type           Power      Damage    Failure   Level
a - Beastly Appendage     Tmut           100%       N/A       7%          1
b - Statue Form           Tmut/Erth      30%        N/A       65%         6
c - Apportation           Tloc           42%        N/A       21%         1
d - Necromutation         Tmut/Necr      18%        N/A       100%        8
e - Blade Hands           Tmut           25%        N/A       22%         5

Your spell library contained the following spells:

 Spells                   Type           Power      Damage    Failure   Level
 Wereblood                Tmut           51%        N/A       8%          2
 Spider Form              Tmut/Pois      15%        N/A       22%         3
 Blink                    Tloc           N/A        N/A       26%         2
 Ice Form                 Ice/Tmut       33%        N/A       34%         4
 Lesser Beckoning         Tloc           10%        N/A       36%         3
 Shock                    Conj/Air       36%        1d5       41%         1
 Static Discharge         Conj/Air       9%         N/A       50%         2
 Portal Projectile        Hex/Tloc       30%        N/A       50%         3
 Leda's Liquefaction      Hex/Erth       12%        N/A       54%         4
 Dispel Undead            Necr           22%        3d12      61%         4
 Alistair's Intoxication  Tmut/Pois      20%        N/A       63%         5
 Inner Flame              Hex/Fire       9%         N/A       65%         3
 Swiftness                Air            9%         N/A       65%         3
 Excruciating Wounds      Necr           11%        N/A       86%         5
 Hailstorm                Conj/Ice       11%        3d5       87%         4
 Manifold Assault         Tloc           21%        N/A       87%         5
 Bolt of Magma            Conj/Fire/Erth 9%         4d7       90%         5
 Airstrike                Air            4%         N/A       91%         4
 Sticky Flame             Conj/Fire      9%         2d3       91%         4
 Cause Fear               Hex            4%         N/A       93%         4
 Lightning Bolt           Conj/Air       4%         1d16      99%         5
 Invisibility             Hex            4%         N/A       100%        6
 Ozocubu's Refrigeration  Ice            7%         4d6       100%        7
 Borgnjor's Revivificati  Necr           11%        N/A       100%        8
 Discord                  Hex            4%         N/A       100%        8
 Maxwell's Capacitive Co  Air            4%         ∞         100%        8
 Death's Door             Necr           11%        N/A       100%        9


Dungeon Overview and Level Annotations

Branches:
Dungeon (12/15)            Temple (1/1) D:4            Lair (2/6) D:8
    Orc (0/2) D:12         Bailey (visited)           IceCv (1/1)
  Swamp: Lair:2-4    Shoals: Lair:2-4     Snake: Lair:2-4    Spider: Lair:2-4

Altars:
Ashenzari
Cheibriados
Dithmenos
Elyvilon
Fedhas
Gozag
Hepliaklqana
Kikubaaqudgha
Makhleb
Nemelex Xobeh
Okawaru
Qazlal
Sif Muna
Trog
Uskayaw
Vehumet
Wu Jian
Xom
Yredelemnul
Zin
The Shining One

Shops:
D:1 (!:(:   D:4 *   D:9 ?

Annotations:
D:11 exclusion: cyclops
D:12 3 runed translucent doors, exclusion: cyclops, ChodeyFoster420's ghost, journeyman MiBe


Innate Abilities, Weirdness & Mutations

You have blades for main tentacles.
Your spellcasting is less reliable in this form.
You are incapable of wielding weapons or throwing items.
You cannot wear most types of armour.
You are amphibious.
You can wear up to eight rings at the same time.
Your skin changes colour to match your surroundings (Stealth+).
Your rubbery body absorbs attacks. (AC +1, EV +1)
((You are camouflaged near water. (Stealth+)))
You have tentacles for arms and can constrict up to eight enemies at once.


Message History

There is an ice choked empty arch of ancient stone here.
There are monsters nearby!
Okay, then.
Unknown command.
Unknown command.
Press: ? - help, v - describe, . - travel
Here: a polar bear simulacrum (dormant)
The floor.
Casting: Blade Hands (dangerous; 2% risk of failure)
Confirm with . or Enter, or press ? or * to list all spells.
Your main tentacles turn into razor-sharp scythe blades.
You completely miss the cane toad simulacrum.
You grab the cane toad simulacrum.
You constrict the cane toad simulacrum, but do no damage.
The cane toad simulacrum misses you.
You slice the polar bear simulacrum!!
The polar bear simulacrum is almost destroyed.
You constrict the cane toad simulacrum. You slice the polar bear simulacrum!!
The polar bear simulacrum vaporises!
You constrict the cane toad simulacrum.
The cane toad simulacrum barely misses you.
You slice the cane toad simulacrum!!
The cane toad simulacrum vaporises!
The polar bear simulacrum completely misses you. x2
The polar bear simulacrum claws you. The polar bear simulacrum freezes you!
You slice the elephant simulacrum!!
The elephant simulacrum is severely damaged.
The elephant simulacrum tramples you. The elephant simulacrum freezes you!
The elephant simulacrum closely misses you.
You hit the elephant simulacrum.
The elephant simulacrum is almost destroyed.
The polar bear simulacrum bites you! The polar bear simulacrum freezes you!!
* * * LOW HITPOINT WARNING * * *
The polar bear simulacrum claws you.
* * * LOW HITPOINT WARNING * * *
The polar bear simulacrum freezes you!!
* * * LOW HITPOINT WARNING * * *
The polar bear simulacrum claws you.
You die...

* * , ####
##..## ##
##....##..##
,
#..........##
,
#.∩.∩@Z.....#
#.....Z.##☼.☼
* ,
##....###* ,
, ##..## ,*
#### , ,, , ,
* , , * * , *
* * ,


You could see an elephant simulacrum and a polar bear simulacrum.

Vanquished Creatures
  A two-headed ogre (D:9)
  An orc knight (Bailey)
  A centaur zombie (D:11)
  A gargoyle (D:11)
  3 cane toads (Lair:1)
  An unseen horror (D:12)
  4 komodo dragons
  A rime drake (Lair:1)
  A hornet (D:10)
  Prince Ribbit (D:9)
  A blink frog (Lair:2)
  A shadow (D:11)
  A wyvern (Lair:1)
  2 wraiths
  8 yaks
  2 basilisks (D:8)
  2 steam dragons
  4 water moccasins
  2 acid dragons
  5 orc warriors
  A sky beast (D:6)
  3 ogres
  A necrophage (D:5)
  A centaur (D:9)
  A phantom (D:5)
  A kobold brigand (D:8)
  2 scorpions
  A cane toad simulacrum (IceCv)
  A wyvern skeleton (D:7)
  13 wights
  2 howler monkeys (D:9)
  7 orc priests
  A bullfrog skeleton (D:7)
  4 hounds
  A centaur skeleton (D:7)
  A gnoll shaman (D:5)
  Ijyb (D:5)
  An iguana (D:6)
  5 orc wizards
  A polar bear simulacrum (IceCv)
  A hound zombie (D:5)
  19 gnolls
  A howler monkey skeleton (D:6)
  6 adders
  6 dart slugs
  24 orcs
  12 bats
  A bat skeleton (D:2)
  6 endoplasms
  9 giant cockroaches
  9 goblins
  21 hobgoblins
  18 kobolds
  3 quokkas
  10 ball pythons
  A ball python skeleton (D:2)
  A ball python zombie (D:2)
  5 frilled lizards
  A quokka skeleton (D:4)
  A rat (D:3)
247 creatures vanquished.

Vanquished Creatures (others)
  4 fungi
  11 plants
  A withered plant (D:2)
16 creatures vanquished.

Grand Total: 263 creatures vanquished

Notes
Turn   | Place    | Note
-------+----------+-------------------------------------------
     0 | D:1      | ZARRMARR the Octopode Transmuter began the quest for the
                  | Orb.
     0 | D:1      | Reached XP level 1. HP: 13/13 MP: 3/3
   466 | D:1      | Found Betozoaw's Book Boutique.
   501 | D:1      | Found Qisal's Weapon Boutique.
   510 | D:1      | Reached XP level 2. HP: 10/18 MP: 1/5
   836 | D:1      | Found Jabo's Book Shoppe.
   849 | D:1      | Found Tihatua's Distillery.
   853 | D:1      | Reached skill level 1 in Stealth
  1133 | D:1      | Reached XP level 3. HP: 19/23 MP: 4/6
  1186 | D:1      | Found Hiess's Weapon Shop.
  1693 | D:1      | Bought a potion of lignification for 42 gold pieces
  2028 | D:2      | Reached XP level 4. HP: 28/28 MP: 5/7
  2075 | D:2      | Found a faded altar of an unknown god.
  2866 | D:3      | Got the Almanac of Snow
  3181 | D:3      | Reached skill level 1 in Earth Magic
  3185 | D:3      | Reached XP level 5. HP: 25/34 MP: 8/8
  3486 | D:4      | Reached skill level 2 in Stealth
  3503 | D:4      | Noticed an ogre
  3513 | D:4      | Killed an ogre
  3672 | D:4      | Found Qom Zeh's Assorted Antiques.
  3727 | D:4      | Noticed an ogre
  3736 | D:4      | Killed an ogre
  3737 | D:4      | Reached XP level 6. HP: 41/41 MP: 10/10
  3873 | D:4      | Found a staircase to the Ecumenical Temple.
  4366 | D:4      | Reached skill level 3 in Stealth
  4465 | Temple   | Entered the Ecumenical Temple
  4497 | Temple   | Became a worshipper of Ashenzari the Shackled
  4497 | Temple   | Identified a scroll of acquirement
  5714 | D:3      | Acquired the ring "Ylaixum" {Fly Will+}
  5885 | D:5      | Entered Level 5 of the Dungeon
  5913 | D:5      | Noticed Ijyb
  5925 | D:5      | Killed Ijyb
  5926 | D:5      | Reached XP level 7. HP: 18/45 MP: 11/11
  6714 | D:1      | Bought a potion of mutation for 112 gold pieces
  6903 | D:5      | Reached skill level 4 in Stealth
  7436 | D:5      | Learned a level 6 spell: Statue Form
  7481 | D:6      | Found a stormy altar of Qazlal.
  7575 | D:6      | Reached XP level 8. HP: 52/52 MP: 13/13
  7871 | D:6      | Reached * piety under Ashenzari
  9261 | D:7      | Found a flagged portal.
  9285 | Bailey   | Entered a bailey
  9431 | Bailey   | Reached skill level 5 in Stealth
  9825 | Bailey   | Noticed an orc knight
  9859 | Bailey   | Killed an orc knight
  9860 | Bailey   | Reached skill level 5 in Unarmed Combat
  9864 | Bailey   | Reached XP level 9. HP: 6/61 MP: 17/17
 10503 | Bailey   | Reached skill level 8 in Stealth
 10503 | Bailey   | Reached skill level 5 in Earth Magic
 10503 | Bailey   | Reached XP level 10. HP: 71/71 MP: 20/20
 11510 | D:7      | Learned a level 8 spell: Necromutation
 11784 | D:7      | Reached ** piety under Ashenzari
 11915 | D:1      | Bought a potion of mutation for 112 gold pieces
 12052 | D:8      | Learned a level 1 spell: Apportation
 12263 | D:8      | Found a staircase to the Lair.
 12359 | D:8      | Reached skill level 1 in Necromancy
 12372 | D:8      | Reached skill level 9 in Stealth
 13463 | Lair:1   | Entered Level 1 of the Lair of Beasts
 13464 | Lair:1   | Noticed a cane toad
 13550 | D:9      | Found Qeklosk's Magic Scroll Boutique.
 13568 | D:9      | Identified the +1 ring mail "Riqosu" {Int+4}
 13649 | D:9      | Reached skill level 1 in Translocations
 14751 | D:9      | Noticed a two-headed ogre
 14790 | D:10     | Entered Level 10 of the Dungeon
 15132 | D:10     | Acquired the ring of the Monkey {EV+4 SInv}
 15384 | D:10     | Reached XP level 11. HP: 20/77 MP: 22/22
 15871 | D:9      | Noticed a brown ugly thing
 17361 | D:11     | Noticed a two-headed ogre
 17519 | D:11     | Noticed a six-headed hydra
 17846 | D:11     | Noticed a two-headed ogre
 18122 | D:12     | Noticed a great orb of eyes
 18128 | D:12     | Found a runed translucent gate.
 18128 | D:12     | Found a runed translucent gate.
 18128 | D:12     | Found a runed translucent gate.
 18128 | D:12     | Noticed a cyclops
 18129 | D:12     | Noticed a yaktaur captain
 18129 | D:12     | Noticed ChodeyFoster420's ghost (journeyman MiBe)
 18129 | D:12     | Noticed a deep elf pyromancer
 18147 | D:12     | Noticed a cyclops
 18402 | D:12     | Acquired the amulet of Jujul {Acrobat Drain Will+ Regen+
                  | Dex+4}
 18408 | D:12     | Found a staircase to the Orcish Mines.
 18698 | D:12     | Noticed an eight-headed hydra
 18902 | D:11     | Noticed a cyclops
 18927 | D:9      | Noticed a two-headed ogre
 18937 | D:9      | Killed a two-headed ogre
 19145 | D:9      | Noticed Prince Ribbit
 19152 | D:9      | Killed Prince Ribbit
 19242 | Lair:1   | Learned a level 5 spell: Blade Hands
 19501 | Lair:1   | Reached skill level 10 in Stealth
 20200 | Lair:2   | Noticed an eight-headed hydra
 20286 | Lair:2   | Found a frozen archway.
 20290 | IceCv    | Entered an ice cave
 20298 | IceCv    | HP: 2/80 [polar bear simulacrum (13)]
 20298 | IceCv    | Slain by a polar bear simulacrum

Illustrated notes

Levels and vault maps discovered:
D:1:      erik_arrival_blinker_ship, layout_basic, serial_shops, shop, shop,
          nicolae_shop_stone, shop, nicolae_shop_crystal, glass_columns_b,
          chequers_decorated_corner
D:2:      layout_basic, serial_undead, serial_undead_e, serial_undead_a,
          serial_undead_f, serial_undead_b,
          shapermc_ecumenical_altar_totnotflames, minmay_statues_item,
          serial_bayou_pond_a
D:3:      layout_basic
D:4:      layout_basic, minmay_temple_entry_slanted, serial_shops,
          kennysheep_mini_moat, portal_sewer_entry_d
D:5:      layout_basic, minivault_23, uniq_ijyb
D:6:      layout_loops_ring, kennysheep_little_box, roderic_lattice_a
D:7:      layout_gridville, enter_bailey_4
D:8:      layout_loops_ring, david_lair_generic, serial_bayou_crossing
D:9:      layout_stronghold, serial_shops, nicolae_shop_statue_plus,
          uniq_prince_ribbit1
D:10:     layout_basic, amethyst_killhole
D:11:     layout_small_grid
D:12:     layout_basic, david_orc_3, gammafunk_ghost_split
Temple:   dpeg_three_leaves_temple
Lair:1:   layout_gridlike
Lair:2:   layout_gridlike, minmay_swamp_entry_swarm, spider_nest_entry_webs,
          portal_ice_cave_entry_pillars_2, grunt_forest_small_clearings,
          lemuel_fruit_tree, infiniplex_staircase_pool_2
IceCv:    ice_cave_small_necro

Skill      XL: |  1  2  3  4  5  6  7  8  9 10 11 |
---------------+----------------------------------+-----
Stealth        | 1 2 3 4 5 8 9 10 | 10.1
Earth Magic    | 1 2 3 5 6 |  6.9
Fighting       | 2 3 4 6 7 |  7.2
Dodging        | 3 4 6 7 |  7.5
Transmutations | 3 4 6 7 |  7.5
Spellcasting   | 3 4 6 |  6.9
Unarmed Combat | 4 5 6 7 |  7.8
Necromancy     | 2 3 |  3.4
Translocations | 1 3 |  3.2
Ice Magic      | |  0.8

Action                   |  1- 3 |  4- 6 |  7- 9 | 10-12 || total
-------------------------+-------+-------+-------+-------++-------
Melee: Unarmed           |    89 |   128 |   152 |   369 ||   738
       Constrict         |    25 |    37 |    37 |    43 ||   142
       Tentacles         |    13 |    22 |    32 |   100 ||   167
       Kick              |    20 |    48 |    49 |   130 ||   247
       Punch             |     1 |     2 |     6 |    23 ||    32
Throw: Javelin           |       |       |    10 |       ||    10
       Boomerang         |       |       |    36 |    45 ||    81
 Cast: Beastly Appendage |    30 |    37 |    27 |    49 ||   143
       Blade Hands       |       |       |       |     9 ||     9
       Apportation       |       |       |       |     3 ||     3
Invok: Curse Item        |       |       |     2 |     5 ||     7
       Shatter the Chain |       |       |       |     2 ||     2
Evoke: Wand              |       |       |    27 |    13 ||    40
       Box of beasts     |       |       |       |     1 ||     1
  Use: Scroll            |     2 |     2 |     5 |     3 ||    12
       Potion            |       |     2 |     8 |     5 ||    15
 Stab: Sleeping          |     6 |    10 |     4 |    11 ||    31
Armor: Skin              |     8 |    11 |     9 |     5 ||    33
Dodge: Dodged            |    47 |    63 |   114 |   249 ||   473
